 Dungeon Crawl Stone Soup version 0.24-a0-429-g4608c8fa30 (webtiles) character file.

Game seed: 16722986250009892282

13719 Ijustatesigmund the Basher (level 12, -4/92 HPs)
             Began as an Octopode Fighter on June 13, 2019.
             Slain by a yak (17 damage)
             ... on level 8 of the Dungeon.
             The game lasted 00:28:35 (10693 turns).

Ijustatesigmund the Basher (Octopode Fighter)      Turns: 10693, Time: 00:28:35

Health: -4/92      AC:  7    Str: 16    XL:     12   Next: 9%
Magic:  12/12      EV: 17    Int: 10    God:
Gold:   0          SH: 13    Dex: 16    Spells: 11/11 levels left

rFire    . . .     SeeInvis .   a - +1 morningstar
rCold    . . .     Gourm    .   b - +2 shield
rNeg     + . .     Faith    .   r - +2 hat
rPois    +         Spirit   .   f - amulet of Puboesk {rPois Regen+ Stlth+}
rElec    .         Reflect  .   j - +3 ring of protection
rCorr    .         Harm     .   s - ring of positive energy
MR       +....     Rnd*Tele +   (no ring)
Stlth    +++++.....             (no ring)
HPRegen  1.05/turn              (no ring)
MPRegen  0.13/turn              (no ring)
                                (no ring)
                                (no ring)

@: no status effects
A: almost no armour, stealthy swim, amphibious, 8 rings, constrict 8, rugged
brown scales 1, camouflage 1, magic resistance 1, regeneration 1, teleportitis
1, gelatinous body 1
a: no special abilities


You were on level 8 of the Dungeon.
You were not hungry.

You visited 2 branches of the dungeon, and saw 11 of its levels.

Inventory:

Hand Weapons
 a - a +1 morningstar (weapon)
Armour
 b - a +2 shield (worn)
 r - a +2 hat (worn)
Jewellery
 f - the amulet of Puboesk (around mantle) {rPois Regen+ Stlth+}
   (You found it on level 9 of the Dungeon)

   [amulet of regeneration]

   It protects you from poison.
   It increases your rate of regeneration.
   It makes you more stealthy.
 j - a +3 ring of protection (left tentacle)
 l - a +3 amulet of reflection
 s - a ring of positive energy (right tentacle)
Wands
 w - a wand of paralysis (10)
Scrolls
 e - 2 scrolls of enchant armour
 i - 5 scrolls of identify
 n - 2 scrolls of magic mapping
 o - 4 scrolls of remove curse
 q - 2 scrolls of amnesia
Potions
 m - 3 potions of flight
Comestibles
 d - 16 rations


   Skills:
 + Level 11.2 Fighting
 + Level 11.8 Maces & Flails
 + Level 7.7 Dodging
 - Level 5.1 Stealth
 + Level 7.6 Shields


You had 11 spell levels left.
You didn't know any spells.
Your spell library contained the following spells:

 Spells                   Type           Power        Failure   Level  Hunger
 Confusing Touch          Hex            #.....       67%         1    ##.....
 Confuse                  Hex            #.......     96%         3    ####...
 Gell's Gravitas          Tloc           #.........   96%         3    ####...
 Petrify                  Tmut/Erth      #.......     100%        4    #####..
 Metabolic Englaciation   Hex/Ice        #.........   100%        5    ######.
 Yara's Violent Unravell  Hex/Tmut       #.........   100%        5    ######.
 Haunt                    Necr/Summ      #.........   100%        7    #######
 Borgnjor's Revivificati  Necr           #.........   100%        8    #######
 Death's Door             Chrm/Necr      #.........   100%        8    #######
 Infestation              Necr           #.........   100%        8    #######
 Necromutation            Tmut/Necr      #.........   100%        8    #######


Dungeon Overview and Level Annotations

Branches:
Dungeon (10/15)            Temple (1/1) D:7            Lair (0/6) D:8
    Orc (0/2) D:9

Altars:
Ashenzari
Dithmenos
Fedhas
Gozag
Hepliaklqana
Kikubaaqudgha
Makhleb
Nemelex Xobeh
Okawaru
Qazlal
Ru
Sif Muna
Trog
Uskayaw
Vehumet
Wu Jian
Xom
Yredelemnul
Zin
The Shining One

Annotations:
D:9 Maurice


Innate Abilities, Weirdness & Mutations

You cannot wear most types of armour.
You are very stealthy in the water. (Stealth+)
You are amphibious.
You can wear up to eight rings at the same time.
You can use your tentacles to constrict eight enemies at once.
Your skin changes colour to match your surroundings (Stealth+).
Your rubbery body absorbs attacks. (AC +1, EV +1)
You are partially covered in rugged brown scales. (AC +1, +3% HP)
You are resistant to hostile enchantments. (MR+)
Your natural rate of healing is unusually fast.
You are occasionally teleported next to monsters.


Message History

The yak is lightly wounded.
The yak barely misses you.
You hit the yak but do no damage.
The yak is lightly wounded.
The yak closely misses you.
You hit the yak.
The yak is lightly wounded.
You block the yak's attack.
Okay, then.
Okay, then.
You hit the yak. You squeeze the yak.
The yak is moderately wounded.
The yak misses you.
You sock the yak!
The yak is heavily wounded.
You block the yak's attack.
You puncture the yak!
The yak is almost dead.
The yak gores you!
You die...

#.....# ##.#############..######
#.....# #..#.##.........##.##(..
#.....# ##.##.##.###.###.##.##.#.
#.##### #..#.#####.....###...##.#
#.# ##.##...##[.....(##...##..
#'## #..###..)##..#..##.....##.
...# ##.##..##.##..#..##..#..##.
...# #..##....####...##..##...##
...# ##.##.##...@##..[##...##..##
#'## #..#....##.Y†##.##.........#
#.# #.##......##.##.##.........#
#'####.#.#########.##.##.########
...##..#.##.....(...##†##..[)....
(..##.##.##.#######.##.##..##[##.
...#..##.###.......###.###.##.##.
...#.###.# #.#####.# #.# #.......
.....# #.# ##.....####)####.#.#.#


You could see a yak.

Vanquished Creatures
  Gastronok (D:9)
  A hydra (D:8)
  3 unseen horrors (D:8)
  An ugly thing (D:9)
  A komodo dragon (D:8)
  Grinder (D:4)
  A troll (D:9)
  2 hornets (D:8)
  Prince Ribbit (D:7)
  4 hippogriffs
  6 yaks
  Eustachio (D:5)
  Sigmund (D:4)
  3 wargs
  Edmund (D:6)
  Duvessa (D:5)
  3 sky beasts
  4 ice beasts
  2 phantoms (D:5)
  8 ogres
  6 centaurs
  5 bullfrogs
  Blork the orc (D:4)
  Dowan (D:5)
  A water moccasin zombie (D:5)
  A gnoll sergeant (D:9)
  2 scorpions
  5 killer bees (D:8)
  9 howler monkeys
  3 wights (D:10)
  4 jellies
  7 crimson imps
  3 centaur zombies
  A quasit (D:6)
  2 bullfrog zombies
  8 hounds
  Crazy Yiuf (D:7)
  2 centaur skeletons
  13 orc priests
  11 orc wizards
  A gnoll shaman (D:6)
  3 bullfrog skeletons
  4 iguanas
  11 worker ants
  A killer bee zombie (D:8)
  A hound zombie (D:10)
  A hound skeleton (D:10)
  Robin (D:4)
  11 gnolls
  17 adders
  2 shadow imps
  An ooze (D:6)
  4 adder skeletons
  2 worms
  4 dart slugs
  6 leopard geckos
  40 orcs
  10 giant cockroaches
  17 goblins
  16 hobgoblins
  3 jackals (D:5)
  7 quokkas
  2 ball pythons
  5 bats
  6 frilled lizards
  4 hobgoblin zombies (D:7)
  A jackal zombie (D:5)
  8 kobolds
  A kobold skeleton (D:7)
  A kobold zombie (D:7)
  An orc skeleton (D:7)
  An orc zombie (D:7)
  A quokka skeleton (D:7)
  9 rats
335 creatures vanquished.

Notes
Turn   | Place    | Note
-------+----------+-------------------------------------------
     0 | D:1      | Ijustatesigmund the Octopode Fighter began the quest for
                  | the Orb.
     0 | D:1      | Reached XP level 1. HP: 16/16 MP: 1/1
    46 | D:1      | Reached XP level 2. HP: 18/21 MP: 2/2
   257 | D:1      | Reached XP level 3. HP: 21/26 MP: 1/3
   453 | D:2      | Found an iron altar of Okawaru.
   742 | D:2      | Reached XP level 4. HP: 31/31 MP: 4/4
  1480 | D:3      | Reached skill level 5 in Maces & Flails
  1480 | D:3      | Reached XP level 5. HP: 30/36 MP: 5/5
  1910 | D:4      | Noticed Grinder
  1922 | D:3      | Reached XP level 6. HP: 31/43 MP: 6/6
  2026 | D:4      | Killed Grinder
  2026 | D:4      | Reached XP level 7. HP: 32/49 MP: 7/7
  2214 | D:4      | Reached skill level 5 in Fighting
  2492 | D:4      | Noticed Robin
  2510 | D:4      | Killed Robin
  2663 | D:4      | Noticed Sigmund
  2673 | D:4      | Killed Sigmund
  2673 | D:4      | Reached XP level 8. HP: 54/57 MP: 8/8
  2720 | D:4      | Noticed Blork the orc
  2726 | D:4      | Killed Blork the orc
  2841 | D:5      | Entered Level 5 of the Dungeon
  2913 | D:5      | Noticed Eustachio
  2925 | D:5      | Killed Eustachio
  3100 | D:5      | Found a radiant altar of Vehumet.
  3375 | D:5      | Found a stormy altar of Qazlal.
  3390 | D:5      | Noticed Dowan
  3393 | D:5      | Noticed Duvessa
  3399 | D:5      | Killed Duvessa
  3404 | D:5      | Killed Dowan
  4006 | D:5      | Reached XP level 9. HP: 56/63 MP: 9/9
  4207 | D:6      | Found a hazy altar of Hepliaklqana.
  4256 | D:6      | Noticed Edmund
  4263 | D:6      | Killed Edmund
  4267 | D:6      | Reached skill level 5 in Dodging
  4267 | D:6      | Reached skill level 5 in Shields
  5687 | D:7      | Found a shattered altar of Ashenzari.
  5695 | D:7      | Reached skill level 1 in Stealth
  5793 | D:7      | Found a staircase to the Ecumenical Temple.
  5796 | D:7      | Reached XP level 10. HP: 45/72 MP: 10/10
  5855 | D:7      | Noticed Prince Ribbit
  5862 | D:7      | Killed Prince Ribbit
  6016 | Temple   | Entered the Ecumenical Temple
  6355 | D:7      | Found a glowing golden altar of the Shining One.
  6487 | D:7      | Found a runed translucent door.
  6488 | D:7      | Noticed Crazy Yiuf
  6494 | D:7      | Killed Crazy Yiuf
  6782 | D:9      | Reached skill level 5 in Stealth
  7217 | D:8      | Gained mutation: Your spells are a little easier to cast,
                  | but a little less powerful. [potion of mutation]
  7217 | D:8      | Gained mutation: You are somewhat resistant to further
                  | mutation. [potion of mutation]
  7471 | D:8      | Reached skill level 10 in Maces & Flails
  7481 | D:8      | Noticed a four-headed hydra
  7494 | D:8      | Killed an unseen horror
  7507 | D:8      | Killed an unseen horror
  7925 | D:9      | Noticed Gastronok
  7955 | D:9      | Noticed a purple ugly thing
  7968 | D:9      | Got a translucent diamond amulet
  7975 | D:9      | Identified the amulet of Puboesk {rPois Regen+ Stlth+} (You
                  | found it on level 9 of the Dungeon)
  8169 | D:9      | Reached XP level 11. HP: 79/81 MP: 11/11
  8189 | D:9      | Found a blossoming altar of Fedhas.
  8236 | D:9      | Reached skill level 10 in Fighting
  8341 | D:10     | Entered Level 10 of the Dungeon
  9393 | D:9      | Killed Gastronok
  9490 | D:9      | Found a hide-covered altar of Uskayaw.
  9638 | D:9      | Found a staircase to the Orcish Mines.
  9669 | D:9      | Noticed Maurice
  9758 | D:9      | Killed a purple ugly thing
 10055 | D:8      | Lost mutation: You are somewhat resistant to further
                  | mutation. [potion of mutation]
 10055 | D:8      | Lost mutation: Your spells are a little easier to cast, but
                  | a little less powerful. [potion of mutation]
 10055 | D:8      | Gained mutation: You are partially covered in rugged brown
                  | scales. (AC +1, +3% HP) [potion of mutation]
 10055 | D:8      | Gained mutation: Your natural rate of healing is unusually
                  | fast. [potion of mutation]
 10055 | D:8      | Gained mutation: You are occasionally teleported next to
                  | monsters. [potion of mutation]
 10055 | D:8      | Gained mutation: You are resistant to hostile enchantments.
                  | (MR+) [potion of mutation]
 10063 | D:8      | Found a staircase to the Lair.
 10193 | D:8      | Found a glowing silver altar of Zin.
 10437 | D:8      | Killed an unseen horror
 10465 | D:8      | Killed a four-headed hydra
 10465 | D:8      | Reached XP level 12. HP: 71/92 MP: 12/12
 10693 | D:8      | Slain by a yak

Levels and vault maps discovered:
D:1:      lightli_arrival_isolated_outpost, layout_rooms
D:2:      layout_basic, lemuel_crystal_altar
D:3:      layout_rooms
D:4:      layout_loops_cross, first_ration, uniq_grinder, uniq_blork_the_orc,
          uniq_robin, uniq_sigmund
D:5:      layout_basic, vehumet_crystals, grunt_qazlal_clouds, uniq_duvessa,
          uniq_eustachio
D:6:      layout_basic, lemuel_crystal_altar, uniq_edmund
D:7:      layout_rooms, nicolae_tso_besieged_by_evil,
          cheibrodos_ashenzari_chains, minmay_temple_entry_grid,
          uniq_prince_ribbit1, uniq_crazy_yiuf_cottage
D:8:      minmay_the_grid_triangle_9x9_rhombus_full
          [minmay_the_grid_triangle_9x9_descending_squares,
          minmay_the_grid_triangle_9x9_sprig,
          minmay_the_grid_triangle_9x9_zippers_horizontal,
          minmay_the_grid_triangle_9x9_pentomino_pain,
          minmay_the_grid_triangle_9x9_dagger,
          minmay_the_grid_triangle_9x9_odd_lines,
          minmay_the_grid_triangle_9x9_flanged_cone,
          minmay_the_grid_triangle_9x9_prize_center], layout_basic,
          kennysheep_mini_moat, erik_lair_orcish_takeover
D:9:      minmay_cut_squares, layout_loops_corners, fedhas_altar_1,
          eat_drink_and_be_merry_uskayaw, gammafunk_temple_overflow_statue,
          uniq_maurice, uniq_gastronok
D:10:     layout_basic
Temple:   hc_temple_tempest_star

Skill      XL: |  1  2  3  4  5  6  7  8  9 10 11 |
---------------+----------------------------------+-----
Maces & Flails | 3 4 5 6 7 8 9 10 11 | 11.8
Fighting       | 4 5 6 8 9 11 | 11.2
Dodging        | 4 6 7 |  7.7
Shields        | 4 5 7 |  7.6
Stealth        | 2 5 |  5.1

Action                   |  1- 3 |  4- 6 |  7- 9 | 10-12 || total
-------------------------+-------+-------+-------+-------++-------
Melee: Flail             |    61 |    94 |       |       ||   155
       Constrict         |    18 |    22 |    55 |    70 ||   165
       Tentacles         |     5 |    20 |    66 |   113 ||   204
       Morningstar       |       |     3 |   278 |   462 ||   743
Evoke: Wand              |       |       |     5 |     3 ||     8
  Use: Scroll            |     5 |     5 |     7 |    16 ||    33
       Potion            |       |     1 |     7 |    17 ||    25
 Stab: Sleeping          |     5 |     8 |     3 |    16 ||    32
       Paralysed         |       |       |     3 |     5 ||     8
       Distracted        |       |       |       |     1 ||     1
  Eat: Chunk             |       |     3 |    10 |     4 ||    17
       Ration            |       |       |     1 |     4 ||     5
Armor: Skin              |     4 |    13 |    31 |    75 ||   123
Dodge: Dodged            |    30 |    56 |   112 |   195 ||   393
Block: Shield            |    26 |    73 |   165 |   281 ||   545
       Reflection        |       |       |     2 |     2 ||     4

Table legend:
 A = Non-vault XP
 B = Vault XP
 C = Vault XP percentage of total XP
 D = Non-vault monster count
 E = Vault monster count
 F = Vault count percentage of total count
                 A         B        C        D         E       F
            +---------+---------+-------+---------+---------+-------
      Total |    9271 |   10328 |  52.7 |     269 |      66 |  19.7
            +---------+---------+-------+---------+---------+-------
        D:1 |      45 |       0 |   0.0 |      24 |       0 |   0.0
        D:2 |     104 |       0 |   0.0 |      31 |       0 |   0.0
        D:3 |     196 |       0 |   0.0 |      28 |       0 |   0.0
        D:4 |     439 |     605 |  58.0 |      22 |      15 |  40.5
        D:5 |     545 |     433 |  44.3 |      23 |       3 |  11.5
        D:6 |    1201 |     164 |  12.0 |      33 |       1 |   2.9
        D:7 |    1285 |     315 |  19.7 |      17 |      11 |  39.3
        D:8 |    1435 |    4938 |  77.5 |      31 |      23 |  42.6
        D:9 |    1498 |    3873 |  72.1 |      26 |      13 |  33.3
       D:10 |    2523 |       0 |   0.0 |      34 |       0 |   0.0
            +---------+---------+-------+---------+---------+-------
